Workbook

Sheet 2025
A3: Стоимость бизнеса | C3: 3000000
A4: Стоимость оборудования
A5: Стоимоть товарного остатка
A6: Окупаемость мес | C6: =AVERAGE(C3/Y24) -> 42.728969
A9: МЕСЯЦ | B9: Выручка | X9: ИТОГО затраты | Y9: ПРИБЫЛЬ
B10: Выручка расчетный счет по программе | C10: Доп доход нал (продажа товаров, абонементов, сертификатов) | D10: Зарплата Светлана (парикмахер) | E10: Света Налоги | F10: Зарплата Ольга (парикмахер) | G10: Зарплата Каролина (маникюр) | H10: Каролина Налоги | I10: Зарплата Александра (админ) | J10: Зарплата Анастасия (админ) | K10: Солярий | L10: Итого затраты на зарплату | N10: Реклама passport busines + соцсети | O10: Приход товара | P10: аренда | Q10: закуп на хоз нужды | S10: Налоги | T10: Прочие расходы (закуп инструментов и бытовой техники и ремонт | U10: Коммуналка+ расходы интернет/телефония | V10: выписка из банка (расчетный счет) | W10: комиссия эквайринг 0.9% 6 мес, далее 1.9%
A11: 45658 | B11: 256873.55 | C11: 60000 | D11: 47720 | E11: 11160 | F11: 23749 | G11: 1990 | H11: 11160 | I11: 30000 | K11: 15225 | L11: =D11+F11+G11+I11+J11+I11+H11+E11 -> 155779 | O11: 16745 | P11: 70000 | S11: =111317.38/9 -> 12368.598 | T11: 791 | U11: 12256 | V11: 258873.55 | W11: =V11/100*0.9 -> 2329.8619 | X11: =L11+O11+N11+P11+Q11+T11+U11+W11+S11 -> 270269.46 | Y11: =B11+C11-X11 -> 46604.09
A12: 45689 | B12: 428376 | C12: 81000 | D12: 103999 | E12: 11160 | F12: 57030 | G12: 15970.5 | H12: 11160 | I12: 30000 | K12: 44364 | L12: =D12+F12+G12+I12+J12+I12+H12+E12 -> 259319.5 | N12: 40000 | O12: 22978 | P12: 70000 | Q12: 2774 | S12: =111317.38/9 -> 12368.598 | T12: 13990 | U12: 12346 | V12: 349541.79 | W12: =V12/100*0.9 -> 3145.8761 | X12: =L12+O12+N12+P12+Q12+T12+U12+W12+S12 -> 436921.97 | Y12: =B12+C12-X12 -> 72454.026
A13: 45717 | B13: 499871.5 | C13: 75000 | D13: 126960 | E13: 11160 | F13: 71180 | G13: 11250 | H13: 11160 | I13: 40082.5 | K13: 59190 | L13: =D13+F13+G13+I13+J13+I13+H13+E13 -> 311875 | O13: 29358 | P13: 70000 | Q13: 18309 | S13: =111317.38/9 -> 12368.598 | T13: 28387.94 | U13: 12400 | V13: 411509.89 | W13: =V13/100*0.9 -> 3703.589 | X13: =L13+O13+N13+P13+Q13+T13+U13+W13+S13 -> 486402.13 | Y13: =B13+C13-X13 -> 88469.373
A14: 45748 | B14: 508894 | C14: 90000 | D14: 121720 | E14: 11160 | F14: 76835 | G14: 15915 | H14: 11160 | I14: 41408.5 | J14: 33908.5 | K14: 70930 | L14: =D14+F14+G14+I14+J14+I14+H14+E14 -> 353515.5 | O14: 30490 | P14: 70000 | Q14: 12162 | S14: =111317.38/9 -> 12368.598 | T14: 5561 | U14: 13900.68 | V14: 407092.4 | W14: =V14/100*0.9 -> 3663.8316 | X14: =L14+O14+N14+P14+Q14+T14+U14+W14+S14 -> 501661.61 | Y14: =B14+C14-X14 -> 97232.391
A15: 45778 | B15: 461179 | C15: 78000 | D15: 90235 | E15: 11160 | F15: 73555 | G15: 16905 | H15: 11160 | I15: 39908.75 | J15: 32408.75 | K15: 81365 | L15: =D15+F15+G15+I15+J15+I15+H15+E15 -> 315241.25 | O15: 16661 | P15: 70000 | Q15: 12772 | S15: =111317.38/9 -> 12368.598 | T15: 43124 | U15: 11050 | V15: 358974.11 | W15: =V15/100*1.9 -> 6820.5081 | X15: =L15+O15+N15+P15+Q15+T15+U15+W15+S15 -> 488037.36 | Y15: =B15+C15-X15 -> 51141.644
A16: 45809 | B16: 536633.95 | C16: 98000 | D16: 143305 | E16: 11160 | F16: 65600 | G16: 17670 | H16: 11160 | I16: 42010 | J16: 34510 | K16: 71421 | L16: =D16+F16+G16+I16+J16+I16+H16+E16 -> 367425 | O16: 51187 | P16: 70000 | Q16: 22248 | S16: =111317.38/9 -> 12368.598 | T16: 9061 | U16: 11356.4 | V16: 439610.64 | W16: =V16/100*1.9 -> 8352.6022 | X16: =L16+O16+N16+P16+Q16+T16+U16+W16+S16 -> 551998.6 | Y16: =B16+C16-X16 -> 82635.35
A17: 45839 | B17: 478899.36 | C17: 84000 | D17: 132773 | E17: 11160 | F17: 67525 | G17: 10945 | H17: 11160 | I17: 41620.75 | J17: 34120 | K17: 61405 | L17: =D17+F17+G17+I17+J17+I17+H17+E17 -> 350924.5 | O17: 28568 | P17: 70000 | Q17: 15998 | S17: =111317.38/9 -> 12368.598 | T17: 12260 | U17: 12015 | V17: 412225.82 | W17: =V17/100*1.9 -> 7832.2906 | X17: =L17+O17+N17+P17+Q17+T17+U17+W17+S17 -> 509966.39 | Y17: =B17+C17-X17 -> 52932.972
A18: 45870 | X18: =SUM(D18:M18) -> 0 | Y18: =B18+C18-X18 -> 0
A19: 45901 | X19: =SUM(D19:M19) -> 0 | Y19: =B19+C19-X19 -> 0
A20: 45931 | X20: =SUM(D20:M20) -> 0 | Y20: =B20+C20-X20 -> 0
A21: 45962 | X21: =SUM(D21:M21) -> 0 | Y21: =B21+C21-X21 -> 0
A22: 45992 | X22: =SUM(D22:M22) -> 0 | Y22: =B22+C22-X22 -> 0
A23: СУММА 7 мес | B23: =SUM(B11:B17) -> 3170727.4 | C23: =SUM(C11:C17) -> 566000 | D23: =SUM(D11:D17) -> 766712 | F23: =SUM(F11:F17) -> 435474 | G23: =SUM(G11:G17) -> 90645.5 | I23: =SUM(I11:I17) -> 265030.5 | J23: =SUM(J11:J17) -> 134947.25 | K23: =SUM(K11:K17) -> 403900 | L23: =SUM(L11:L17) -> 2114079.8 | M23: =SUM(M11:M17) -> 0 | N23: =SUM(N11:N17) -> 40000 | O23: =SUM(O11:O17) -> 195987 | P23: =SUM(P11:P17) -> 490000 | ... Y23: =SUM(Y11:Y17) -> 491469.85
A24: СРЕДНЕЕ 7 мес | B24: =AVERAGE(B11:B17) -> 452961.05 | C24: =AVERAGE(C11:C17) -> 80857.143 | D24: =AVERAGE(D11:D17) -> 109530.29 | F24: =AVERAGE(F11:F17) -> 62210.571 | G24: =AVERAGE(G11:G17) -> 12949.357 | I24: =AVERAGE(I11:I17) -> 37861.5 | J24: =AVERAGE(J11:J17) -> 33736.812 | K24: =AVERAGE(K11:K17) -> 57700 | L24: =AVERAGE(L11:L17) -> 302011.39 | M24: =AVERAGE(M11:M17) -> #DIV/0! | N24: =AVERAGE(N11:N17) -> 40000 | O24: =AVERAGE(O11:O17) -> 27998.143 | P24: =AVERAGE(P11:P17) -> 70000 | ... Y24: =AVERAGE(Y11:Y17) -> 70209.978

Sheet Выручка на Мастера
A1: Имя, должность | B1: 45658 | C1: 45689 | D1: 45717 | E1: 45748 | F1: 45778 | G1: 45809 | H1: 45839 | I1: 45870 | J1: 45901 | K1: 45931 | L1: 45962 | M1: 45992 | N1: Общая | O1: Средняя
A2: Светлана парихмахер | B2: ='2025'!D11*2 -> 95440 | C2: ='2025'!D12*2 -> 207998 | D2: ='2025'!D13*2 -> 253920 | E2: ='2025'!D14*2 -> 243440 | F2: ='2025'!D15*2 -> 180470 | G2: ='2025'!D16*2 -> 286610 | H2: ='2025'!D17*2 -> 265546 | N2: =B2+C2+D2+E2+F2+G2+H2+I2+J2+K2+L2+M2 -> 1533424 | O2: =AVERAGE(B2:M2) -> 219060.57
A3: Ольга парихмахер | B3: ='2025'!F11*2 -> 47498 | C3: ='2025'!F12*2 -> 114060 | D3: ='2025'!F13*2 -> 142360 | E3: ='2025'!F14*2 -> 153670 | F3: ='2025'!F15*2 -> 147110 | G3: ='2025'!F16*2 -> 131200 | H3: ='2025'!F17*2 -> 135050 | N3: =B3+C3+D3+E3+F3+G3+H3+I3+J3+K3+L3+M3 -> 870948 | O3: =AVERAGE(B3:M3) -> 124421.14
A4: Каролина маникюр | B4: ='2025'!G11*2 -> 3980 | C4: ='2025'!G12*2 -> 31941 | D4: ='2025'!G13*2 -> 22500 | E4: ='2025'!G15*2 -> 33810 | F4: ='2025'!G15*2 -> 33810 | G4: ='2025'!G16*2 -> 35340 | H4: ='2025'!G17*2 -> 21890 | N4: =B4+C4+D4+E4+F4+G4+H4+I4+J4+K4+L4+M4 -> 183271 | O4: =AVERAGE(B4:M4) -> 26181.571
